 Dungeon Crawl Stone Soup version 0.25.1-1-g288607f5aa (webtiles) character file.

Game seed: 8898794795656327540

1579 Milting the Chopper (level 8, 0/73 HPs)
             Began as a Hill Orc Fighter on July 18, 2020.
             Was a Believer of Okawaru.
             Killed from afar by an electric eel (6 damage)
             ... with a bolt of electricity
             ... on level 7 of the Dungeon.
             The game lasted 00:25:10 (6828 turns).

Milting the Chopper (Hill Orc Fighter)              Turns: 6828, Time: 00:25:10

Health: 0/73       AC: 19    Str: 21    XL:     8   Next: 91%
Magic:  8/8        EV:  5    Int:  8    God:    Okawaru [**....]
Gold:   345        SH: 10    Dex: 10    Spells: 7/7 levels left

rFire    . . .     SeeInvis +   a - +0 war axe
rCold    . . .     Gourm    .   c - +0 kite shield
rNeg     + . .     Faith    .   v - +0 plate armour (curse)
rPois    .         Spirit   .   (no helmet)
rElec    .         Reflect  .   p - +2 cloak
rCorr    .         Harm     .   h - +2 pair of gloves
MR       .....                  (no boots)
Stlth    ..........             e - amulet of magic regeneration
HPRegen  0.22/turn              u - ring of see invisible
MPRegen  0.36/turn              q - ring of positive energy

@: no status effects
A: no striking features
a: Heroism, Renounce Religion


You were on level 7 of the Dungeon.
You worshipped Okawaru.
Okawaru was pleased with you.
You were not hungry.

You visited 1 branch of the dungeon, and saw 7 of its levels.

You collected 345 gold pieces.

Inventory:

Hand Weapons
 a - a +0 war axe (weapon)
Missiles
 i - 148 stones (quivered)
Armour
 b - a +0 scale mail
 c - a +0 kite shield (worn)
 h - a +2 pair of gloves (worn)
 p - a +2 cloak (worn)
 r - a scarf of resistance
 t - a +1 cloak
 v - a cursed +0 plate armour (worn)
 F - the cursed +0 ring mail "Vuxkuc" {MP+9}
   (You found it on level 6 of the Dungeon)

   It affects your magic capacity (+9).
   It has a curse placed upon it.
 G - a +1 robe of the Archmagi
 H - the +2 hat of the Forsaken Quests {rC+ Str+4 Int+2, unknown}
   (You found it on level 7 of the Dungeon)

   It affects your strength (+4).
   It affects your intelligence (+2).
   It protects you from cold.
Jewellery
 e - an amulet of magic regeneration (around neck)
 g - an uncursed ring of protection from cold
 n - an uncursed ring of fire
 q - a ring of positive energy (right hand)
 u - a ring of see invisible (left hand)
Wands
 z - a wand of iceblast (4)
 E - a wand of random effects (22)
Scrolls
 j - a scroll of identify
 k - 2 scrolls of remove curse {unknown}
 l - a scroll of amnesia {unknown}
 m - 8 scrolls of enchant armour {unknown}
 s - 6 scrolls of teleportation {unknown}
 w - 2 scrolls of enchant weapon {unknown}
 y - 2 scrolls of magic mapping {unknown}
 B - 2 scrolls of noise {unknown}
Potions
 d - a potion of haste {unknown}
 o - a potion of mutation {unknown}
 x - a potion of resistance {unknown}
 A - a potion of brilliance {unknown}
 C - a potion of lignification {unknown}
Comestibles
 f - 12 rations
 D - 11 chunks of flesh


   Skills:
 + Level 7.5 Fighting
 + Level 7.5 Axes
 + Level 6.7 Armour
 + Level 6.8 Shields


You had 7 spell levels left.
You didn't know any spells.
Your spell library was empty.

Dungeon Overview and Level Annotations

Branches:
Dungeon (7/15)             Temple (0/1) D:4

Altars:
Dithmenos
Elyvilon
Kikubaaqudgha
Okawaru
Qazlal
Trog

Shops:
D:4 }   D:7 (


Message History

The electric eel shoots out a bolt of lightning at you!
The bolt of electricity hits you.
* * * LOW HITPOINT WARNING * * *
You hit the electric eel.
The electric eel is heavily wounded.
You hit the electric eel.
The electric eel is heavily wounded.
The electric eel shoots out a bolt of lightning at you!
The bolt of electricity hits you.
* * * LOW HITPOINT WARNING * * *
Your plate armour prevents you from hitting the electric eel.
The electric eel is heavily wounded.
The electric eel shoots out a bolt of lightning at you!
The bolt of electricity hits you!
* * * LOW HITPOINT WARNING * * *
You miss the electric eel.
The electric eel is heavily wounded.
The electric eel shoots out a bolt of lightning at you!
The bolt of electricity hits you.
You die...

#### ## #.. .....
#..###≈. ≈ #.#...# ≈#
#.#.⌠.#≈≈# ⌠
#############.#...#≈≈#..
.........))....###≈≈≈≈##
..........)......≈≈≈≈≈≈.
..##.########...@;≈≈≈≈≈.
#.# #..###≈≈≈≈## . #.#
#.#...#≈≈#.. # #.###
#.#.⌠.# ≈# # #.∩.#
..#...# # ######.#
#...###≈. ...# #.# #...
... ...# #.# #.. <.#
...###.# ##. .#


You could see an electric eel.

Vanquished Creatures
  Edmund (D:4)
  Duvessa (D:4)
  An orc warrior (D:7)
  A centaur (D:5)
  A bullfrog (D:7)
  Dowan (D:4)
  A scorpion (D:6)
  A vampire bat (D:4)
  2 crimson imps
  A centaur zombie (D:6)
  Crazy Yiuf (D:3)
  A bullfrog skeleton (D:6)
  5 orc wizards
  A hound (D:6)
  2 orc priests (D:5)
  A centaur skeleton (D:6)
  4 worker ants
  Natasha (twice) (D:2)
  2 iguanas
  A hound zombie (D:7)
  4 gnolls (D:5)
  A howler monkey skeleton (D:5)
  9 adders
  A shadow imp (D:5)
  A worm (D:2)
  2 dart slugs
  3 fire bats (D:4)
  3 leopard geckos
  20 orcs
  2 spectral bats (D:4)
  17 bats
  3 bat skeletons (D:4)
  A bat zombie (D:4)
  4 giant cockroaches
  6 goblins
  10 hobgoblins
  14 jackals
  2 quokkas
  2 ball pythons
  A bat simulacrum (D:4)
  5 frilled lizards
  A jackal zombie (D:5)
  8 kobolds
  7 rats
158 creatures vanquished.

Vanquished Creatures (others)
  An orc wizard (D:5)
1 creature vanquished.

Grand Total: 159 creatures vanquished

Notes
Turn   | Place    | Note
-------+----------+-------------------------------------------
     0 | D:1      | Milting the Hill Orc Fighter began the quest for the Orb.
     0 | D:1      | Reached XP level 1. HP: 19/19 MP: 1/1
   365 | D:1      | Reached XP level 2. HP: 26/27 MP: 2/2
   832 | D:1      | Reached XP level 3. HP: 33/33 MP: 3/3
  1463 | D:2      | Reached XP level 4. HP: 17/40 MP: 4/4
  2037 | D:2      | Noticed Natasha
  2045 | D:2      | Killed Natasha
  2325 | D:2      | Noticed Natasha
  2343 | D:2      | Killed Natasha
  2343 | D:2      | Reached XP level 5. HP: 20/47 MP: 5/5
  2747 | D:3      | Found a runed translucent door.
  2748 | D:3      | Noticed Crazy Yiuf
  2760 | D:3      | Killed Crazy Yiuf
  3235 | D:3      | Reached skill level 5 in Fighting
  3412 | D:3      | Reached XP level 6. HP: 56/56 MP: 6/6
  3467 | D:3      | Found an iron altar of Okawaru.
  3477 | D:3      | Found an ancient bone altar of Kikubaaqudgha.
  3485 | D:3      | Found a bloodstained altar of Trog.
  3496 | D:3      | Became a worshipper of Warmaster Okawaru
  3655 | D:4      | You fall into a shaft and drop 1 floor!
  3655 | D:5      | Entered Level 5 of the Dungeon
  3829 | D:4      | Noticed Edmund
  3967 | D:4      | Reached skill level 5 in Axes
  4103 | D:4      | Found Jageem's Gadget Shoppe.
  4108 | D:4      | Reached skill level 5 in Armour
  4165 | D:4      | Found a white marble altar of Elyvilon.
  4207 | D:4      | Reached skill level 5 in Shields
  4240 | D:4      | Noticed Duvessa
  4240 | D:4      | Noticed Dowan
  4267 | D:4      | Killed Duvessa
  4267 | D:4      | Reached * piety under Okawaru
  4267 | D:4      | Reached XP level 7. HP: 33/62 MP: 7/7
  4294 | D:4      | Killed Dowan
  4529 | D:4      | Found a staircase to the Ecumenical Temple.
  4660 | D:4      | Killed Edmund
  5048 | D:5      | Reached XP level 8. HP: 47/71 MP: 8/8
  5211 | D:5      | Found a stormy altar of Qazlal.
  5940 | D:6      | Found a shadowy altar of Dithmenos.
  6438 | D:6      | Got a tiger eye-encrusted ring mail
  6439 | D:6      | Identified the cursed +0 ring mail "Vuxkuc" {MP+9} (You
                  | found it on level 6 of the Dungeon)
  6674 | D:7      | Reached ** piety under Okawaru
  6738 | D:7      | Found Tevaetux's Weapon Emporium.
  6786 | D:7      | Got a jewelled hat
  6828 | D:7      | Killed from afar by an electric eel

Illustrated notes

Levels and vault maps discovered:
D:1:      matt_arrival_diagonals, layout_loops_corners, kennysheep_boxes
D:2:      layout_loops_ring, first_ration, chequers_arboretum, uniq_natasha
D:3:      layout_rooms, grunt_temple_overflow_diamond, gup_sewer_entry_spiral,
          uniq_crazy_yiuf_cottage
D:4:      layout_rooms, lemuel_crystal_altar, temple_hall, serial_shops, shop,
          goddamned_bats, uniq_edmund, uniq_duvessa
D:5:      layout_basic, grunt_qazlal_sundering
D:6:      layout_loops_ring, lemuel_doored_altar, minmay_misc_feat_secret_circle
D:7:      layout_loops_ring, serial_shops, shop, the_bakery,
          minmay_misc_feat_chi, fountainhead, grunt_ministairs_3

Skill      XL: |  1  2  3  4  5  6  7  8 |
---------------+-------------------------+-----
Axes           | 3 4 5 6 7 |  7.5
Fighting       | 4 5 6 7 |  7.5
Armour         | 4 5 6 |  6.7
Shields        | 4 5 6 |  6.8

Action                   |  1- 3 |  4- 6 |  7- 9 || total
-------------------------+-------+-------+-------++-------
Melee: War axe           |   147 |   282 |   233 ||   662
  Use: Potion            |       |     1 |     3 ||     4
       Scroll            |       |       |     4 ||     4
  Eat: Chunk             |     2 |    10 |     7 ||    19
       Ration            |       |       |     1 ||     1
Armor: Scale mail        |    74 |   111 |       ||   185
       Plate armour      |       |   170 |   157 ||   327
Dodge: Dodged            |    49 |   110 |    29 ||   188
Block: Kite shield       |    83 |   219 |   115 ||   417
